 Dungeon Crawl Stone Soup version 0.31-a0-1424-g2add1c7226 (webtiles) character file.

Game seed: 17227595520283731903

33464 Atlas the Thaumaturge (level 13, 0/92 HPs)
             Began as a Demonspawn Fire Elementalist on Dec 26, 2023.
             Was a High Priest of Vehumet.
             Shot with an arrow by a centaur warrior (17 damage)
             ... on level 14 of the Dungeon.
             The game lasted 00:37:43 (17610 turns).

Atlas the Thaumaturge (DsFE)                       Turns: 17610, Time: 00:37:43

Health: 0/92       AC: 11    Str:  8    XL:     13   Next: 36%
Magic:  22/28      EV: 12    Int: 27    God:    Vehumet [*****.]
Gold:   527        SH:  0    Dex: 14    Spells: 18/35 levels left

rFire   + . .        H - +8 sling "Kiukkeph" {speed, ^Contam rF+ rCorr SInv}
rCold   . . .        (no shield)
rNeg    + . .        M - +0 troll leather armour
rPois   .            (helmet unavailable)
rElec   .            E - +2 cloak
rCorr   +            Q - +2 pair of gloves
SInv    +            I - +0 pair of boots
Will    .....        y - amulet of regeneration
Stlth   ++           c - +6 ring of intelligence
HPRegen 1.95/turn    J - ring of positive energy
MPRegen 0.21/turn

%: no passive effects
@: no status effects
A: antennae 3, foul stench 3, spiny 2
a: Renounce Religion


You were on level 14 of the Dungeon.
You worshipped Vehumet.
Vehumet was extremely pleased with you.
You visited 2 branches of the dungeon, and saw 15 of its levels.
You visited 1 bazaar.

You collected 1210 gold pieces.
You spent 683 gold pieces at shops.

Inventory:

Hand Weapons
 G - a +3 trident of venom
 H - the +8 sling "Kiukkeph" (weapon) {speed, ^Contam rF+ rCorr SInv}
   (You found it on level 7 of the Dungeon)

   rF+:       It protects you from fire.
   SInv:      It lets you see invisible.
   ^Contam:   It causes magical contamination when unequipped.
   rCorr:     It protects you from acid and corrosion.
Armour
 j - +0 steam dragon scales
 E - a +2 cloak (worn)
 I - a +0 pair of boots (worn)
 M - a +0 troll leather armour (worn)
 P - the +3 Mad Mage's Maulers {Infuse+∞ VampMP -Cast}
   (You bought it in a shop in a bazaar)

   Infuse+∞: It empowers its wearer's blows with all of their magic.
   VampMP:    Blows struck in melee replenish the wearer's magic.
   -Cast:     It prevents spellcasting.
 Q - a +2 pair of gloves (worn)
Jewellery
 c - a +6 ring of intelligence (left hand)
 y - an amulet of regeneration (around neck)
 J - a ring of positive energy (right hand)
 O - a ring of positive energy
Wands
 p - a wand of mindburst (6)
 w - a wand of iceblast (16)
 D - a wand of polymorph (4)
 F - a wand of acid (6)
Scrolls
 a - 2 scrolls of blinking
 d - 2 scrolls of enchant weapon
 l - 2 scrolls of vulnerability
 m - 2 scrolls of amnesia
 o - 3 scrolls of revelation
 q - 4 scrolls of fear
 r - 3 scrolls of immolation
 s - 2 scrolls of poison
 u - 2 scrolls of noise {unknown}
 v - 2 scrolls of enchant armour {unknown}
 A - 5 scrolls of teleportation
Potions
 b - 2 potions of magic
 e - 3 potions of might
 f - 3 potions of curing
 g - 2 potions of haste {unknown}
 i - 4 potions of invisibility {unknown}
 k - 2 potions of cancellation
 n - a potion of heal wounds
 t - 4 potions of lignification {unknown}
 x - 3 potions of attraction {unknown}
 z - 2 potions of mutation {unknown}
 B - 2 potions of brilliance {unknown}
 C - 2 potions of enlightenment {unknown}
 L - a potion of ambrosia {unknown}
Miscellaneous
 K - a lightning rod (4/4)


   Skills:
 + Level 5.5 Fighting
 + Level 0.5 Polearms
 + Level 10.0 Ranged Weapons
 + Level 4.4 Armour
 + Level 3.6 Dodging
 + Level 3.5 Stealth
 + Level 11.7 Spellcasting
 + Level 7.5 Conjurations
 + Level 10.4 Fire Magic
 + Level 3.1 Earth Magic
 + Level 1.5 Evocations


You had 18 spell levels left.
You knew the following spells:

 Your Spells              Type           Power      Damage    Failure   Level
a - Scorch                Fire           100%       2d9       1%          2
b - Foxfire               Conj/Fire      100%       2x1d9     1%          1
c - Passwall              Alch/Erth      20%        N/A       3%          2
d - Stone Arrow           Conj/Erth      88%        3d12      1%          3
e - Flame Wave            Conj/Fire      59%        2d14      1%          4
f - Borgnjor's Vile Clut  Necr/Erth      12%        N/A       56%         5

Your spell library contained the following spells:

 Spells                   Type           Power      Damage    Failure   Level
 Yara's Violent Unravell  Hex/Alch       7%         3d5       32%         5
 Kiss of Death            Conj/Necr      100%       2d13      1%          1
 Sandblast                Erth           66%        2d15      1%          1
 Inner Flame              Hex/Fire       43%        N/A       1%          3
 Volatile Blastmotes      Fire/Tloc      86%        2d17      1%          3
 Brom's Barrelling Bould  Conj/Erth      44%        2d6       1%          4
 Slow                     Hex            60%        N/A       4%          1
 Summon Small Mammal      Summ           60%        N/A       4%          1
 Call Imp                 Summ           30%        N/A       8%          2
 Ensorcelled Hibernation  Hex/Ice        30%        N/A       8%          2
 Sublimation of Blood     Necr           15%        N/A       8%          2
 Call Canine Familiar     Summ           15%        N/A       14%         3
 Confusing Touch          Hex            15%        N/A       14%         3
 Fugue of the Fallen      Necr           15%        N/A       14%         3
 Ozocubu's Armour         Ice            15%        N/A       14%         3
 Sigil of Binding         Hex            15%        N/A       14%         3
 Summon Guardian Golem    Hex/Summ       15%        N/A       14%         3
 Swiftness                Air            15%        N/A       14%         3
 Vampiric Draining        Necr           15%        2d7       14%         3
 Animate Dead             Necr           15%        N/A       43%         4
 Dispel Undead            Necr           15%        3d10      43%         4
 Manifold Assault         Tloc           15%        N/A       43%         4
 Death Channel            Necr           7%         N/A       100%        6
 Summon Hydra             Summ           7%         N/A       100%        7


Dungeon Overview and Level Annotations

Branches:
Dungeon (14/15)            Temple (1/1) D:7            Lair (0/5) D:10
    Orc (0/2) D:12         Vaults (0/5) D:14

Altars:
Ashenzari
Cheibriados
Dithmenos
Fedhas
Gozag
Hepliaklqana
Kikubaaqudgha
Makhleb
Nemelex Xobeh
Okawaru
Qazlal
Ru
Sif Muna
Trog
Uskayaw
Vehumet
Wu Jian
Xom
Yredelemnul

Shops:
D:6 (

Annotations:
D:9 3 runed translucent doors, Lightli's ghost, novice AtAl
D:10 2 runed translucent doors, xnavy's ghost, journeyman OpSh


Innate Abilities, Weirdness & Mutations

You have a pair of large antennae on your head. (SInv)
You frequently emit foul miasma when damaged in melee.
You are mostly covered in sharp spines.


Message History

The centaur warrior is lightly wounded.
A centaur comes into view.
You shoot a sling bullet. The centaur shouts!
The sling bullet hits the centaur warrior!
The centaur warrior is moderately wounded.
The centaur warrior shoots an arrow.
The arrow hits you!!
The centaur wields a +0 orcbow.
The centaur shoots an arrow.
The arrow hits you.
Casting: Stone Arrow (safe; 1% risk of failure)
Confirm with . or Enter, or press ? or * to list all spells.
Aiming: Stone Arrow (safe; 1% risk of failure)
Press: ? - help, Shift-Dir - straight line, f/p - centaur warrior
Aim: a centaur warrior, wielding a +0 orcbow (moderately wounded, 82% to hit)
The stone arrow hits the centaur warrior!!
The centaur warrior is severely wounded.
The centaur wields a +0 orcbow.
The centaur shoots an arrow.
The arrow hits you.
The centaur warrior shoots an arrow.
The arrow hits you!
Unknown command.
Casting: Stone Arrow (safe; 1% risk of failure)
Confirm with . or Enter, or press ? or * to list all spells.
Aiming: Stone Arrow (safe; 1% risk of failure)
Press: ? - help, Shift-Dir - straight line, f/p - centaur warrior
Aim: a centaur warrior, wielding a +0 orcbow (heavily wounded, 82% to hit)
The stone arrow hits the centaur warrior!!
The centaur warrior is almost dead.
A centaur comes into view.
The centaur warrior shoots an arrow.
The arrow hits you!!
* * * LOW HITPOINT WARNING * * *
Unknown command.
You feel much better.
The centaur shoots an arrow.
The arrow hits you but does no damage.
The centaur shoots an arrow.
The arrow barely misses you.
The centaur warrior shoots an arrow.
The arrow hits you!!
* * * LOW HITPOINT WARNING * * *
The centaur shoots an arrow.
The arrow hits you.
* * * LOW HITPOINT WARNING * * *
The centaur shoots an arrow.
The arrow closely misses you.
The centaur warrior shoots an arrow.
The arrow hits you!
You die...

#.# ######.#######
...(..>.......
##########..######
#.................
####.#.####.#.#.#####
#....................
#............[#.#####
#...@.#.#.....#.#
#....#####....#.#
#.c....∩......#.#
....ccc#####......#
###.)†..#.#.....###
#.............#
#c............#######
..######...#.........
######.#.#..#######


You could see a centaur warrior and 4 centaurs.

Vanquished Creatures
  Nessos (D:12)
  Josephine (D:12)
  A centaur warrior (D:13)
  4 two-headed ogres
  A dancing weapon (D:14)
  3 boulder beetles
  Sonja (D:12)
  3 skeletal warriors (D:12)
  17 ugly things
  Maurice (D:9)
  2 cyclopes (D:13)
  5 manticores
  A moth of wrath (D:3)
  An ice statue (D:11)
  An eye of devastation (D:12)
  An unseen horror (D:11)
  A komodo dragon (D:11)
  A kobold demonologist (D:12)
  A troll (D:10)
  Grinder (D:3)
  A blink frog (shapeshifter) (D:13)
  A hornet (D:9)
  2 raiju (D:9)
  4 vampires (D:11)
  3 shadows
  4 wraiths (D:12)
  4 wyverns
  11 yaks
  A steam dragon (D:9)
  A redback simulacrum (D:14)
  20 vampire mosquitoes
  A two-headed ogre zombie (D:12)
  An ice beast (D:5)
  2 sky beasts
  2 black bears
  8 orc warriors
  3 ogres
  4 centaurs
  6 phantoms
  Blork the orc (D:4)
  5 kobold brigands
  A bullfrog (D:7)
  2 gnoll sergeants
  4 scorpions
  A wyvern skeleton (D:5)
  4 wights (D:8)
  4 killer bees (D:9)
  A water moccasin skeleton (D:5)
  6 howler monkeys
  8 electric eels
  A bombardier beetle (D:5)
  4 hounds
  7 orc priests
  A gnoll bouda (D:4)
  A bullfrog skeleton (D:5)
  Jessica (D:2)
  A sleepcap (D:8)
  13 orc wizards
  A scorpion zombie (D:5)
  A killer bee zombie (D:5)
  7 ogre zombies (D:12)
  A howler monkey zombie (D:5)
  19 gnolls
  4 adders
  2 shadow imps
  14 white imps
  2 ufetubi (D:6)
  7 worms
  3 dart slugs
  33 orcs
  6 endoplasms
  2 goblins (D:2)
  4 hobgoblins
  4 jackals (D:4)
  18 kobolds
  4 quokkas
  6 ball pythons
  10 bats
  A gnoll skeleton (D:12)
  3 gnoll zombies (D:12)
  5 orc skeletons (D:12)
  16 orc zombies (D:12)
  6 rats
372 creatures vanquished.

Vanquished Creatures (others)
  An orc (D:9)
  477 foxfires
478 creatures vanquished.

Grand Total: 850 creatures vanquished

Notes
Turn   | Place    | Note
-------+----------+-------------------------------------------
     0 | D:1      | Atlas the Demonspawn Fire Elementalist began the quest for
                  | the Orb.
     0 | D:1      | Reached XP level 1. HP: 13/13 MP: 3/3
   568 | D:1      | Gained mutation: You may rarely emit foul miasma when
                  | damaged in melee. [demonic ancestry]
   568 | D:1      | Reached XP level 2. HP: 19/19 MP: 1/5
   798 | D:2      | Gained mutation: You have a pair of small antennae on your
                  | head. [demonic ancestry]
   798 | D:2      | Reached XP level 3. HP: 24/24 MP: 0/6
   891 | D:1      | Learned a level 2 spell: Scorch
   931 | D:2      | Noticed Jessica
   934 | D:2      | Killed Jessica
  1029 | D:2      | Gained mutation: You sometimes emit foul miasma when
                  | damaged in melee. [demonic ancestry]
  1029 | D:2      | Reached XP level 4. HP: 30/30 MP: 0/7
  2033 | D:3      | Noticed Grinder
  2044 | D:3      | Killed Grinder
  2045 | D:3      | Reached skill level 3 in Spellcasting
  2045 | D:3      | Reached XP level 5. HP: 35/35 MP: 1/10
  2045 | D:3      | Gained mutation: You have a pair of antennae on your head.
                  | [demonic ancestry]
  2045 | D:3      | Reached XP level 6. HP: 41/41 MP: 1/11
  2437 | D:3      | Noticed a moth of wrath
  2443 | D:3      | Learned a level 2 spell: Passwall
  2448 | D:3      | Found a bloodstained altar of Trog.
  2641 | D:3      | Killed a moth of wrath
  2642 | D:3      | Reached skill level 4 in Spellcasting
  2642 | D:3      | Reached skill level 5 in Fire Magic
  2642 | D:3      | Reached XP level 7. HP: 46/46 MP: 1/13
  2850 | D:3      | Found an opulent altar of Gozag.
  3621 | D:4      | Noticed Blork the orc
  3624 | D:4      | Killed Blork the orc
  3625 | D:4      | Reached skill level 5 in Spellcasting
  3729 | D:4      | Found a sparkling altar of Nemelex Xobeh.
  4591 | D:5      | Entered Level 5 of the Dungeon
  4911 | D:5      | Gained mutation: You have a pair of large antennae on your
                  | head. (SInv) [demonic ancestry]
  4911 | D:5      | Reached XP level 8. HP: 23/52 MP: 5/16
  5092 | D:5      | Reached skill level 1 in Armour
  5330 | D:5      | Reached skill level 6 in Spellcasting
  6273 | D:6      | Reached XP level 9. HP: 48/58 MP: 10/19
  6653 | D:6      | Found Mapu's Antique Weapon Shoppe.
  6678 | D:6      | Reached skill level 7 in Spellcasting
  7656 | D:7      | Found a staircase to the Ecumenical Temple.
  7693 | Temple   | Entered the Ecumenical Temple
  8219 | D:7      | Identified the +8 sling "Kiukkeph" {speed, ^Contam rF+
                  | rCorr SInv}
  8484 | D:8      | Reached skill level 1 in Fighting
  8529 | D:8      | Found a burning altar of Makhleb.
  8598 | D:8      | Reached skill level 5 in Conjurations
  8704 | D:8      | Reached skill level 1 in Ranged Weapons
  8889 | D:8      | Reached skill level 8 in Spellcasting
  8921 | D:8      | Learned a level 3 spell: Stone Arrow
  8933 | D:8      | Gained mutation: You frequently emit foul miasma when
                  | damaged in melee. [demonic ancestry]
  8933 | D:8      | Reached XP level 10. HP: 68/68 MP: 22/22
  9357 | D:9      | Noticed Maurice
  9548 | D:9      | Found a runed translucent gate.
  9550 | D:9      | Found a runed translucent gate.
  9551 | D:9      | Found a runed translucent gate.
  9580 | D:9      | Noticed Lightli's ghost (novice AtAl)
  9652 | D:9      | Killed Maurice
 10154 | D:9      | Noticed a +0 dagger
 10154 | D:9      | Noticed a +0 dagger
 10155 | D:9      | Found a hide-covered altar of Uskayaw.
 10286 | D:9      | Reached skill level 9 in Spellcasting
 10333 | D:9      | Noticed a two-headed ogre
 10373 | D:9      | Killed a two-headed ogre
 10854 | D:9      | Gained mutation: You are partially covered in sharp spines.
                  | [demonic ancestry]
 10854 | D:9      | Reached XP level 11. HP: 70/75 MP: 19/24
 10972 | D:9      | You fall into a shaft and drop 3 floors!
 10975 | D:12     | Found a radiant altar of Vehumet.
 11009 | D:12     | Noticed a soul eater
 11024 | D:12     | Reached skill level 5 in Ranged Weapons
 11065 | D:12     | Became a worshipper of Vehumet
 11162 | D:10     | Entered Level 10 of the Dungeon
 11162 | D:10     | Found a shimmering blue altar of Sif Muna.
 11333 | D:10     | Noticed a two-headed ogre
 11352 | D:10     | Killed a two-headed ogre
 11555 | D:10     | Found a shadowy altar of Dithmenos.
 11555 | D:10     | Found a radiant altar of Vehumet.
 11563 | D:10     | Found an ancient bone altar of Kikubaaqudgha.
 11568 | D:10     | Found an iron altar of Okawaru.
 11568 | D:10     | Found a snail-covered altar of Cheibriados.
 11575 | D:10     | Found a broken altar of Ashenzari.
 11576 | D:10     | Found a hazy altar of Hepliaklqana.
 11612 | D:10     | Found a staircase to the Lair.
 11742 | D:10     | Found a shimmering altar of Xom.
 11792 | D:10     | Noticed a necromancer
 11793 | D:10     | Noticed a lich
 11793 | D:10     | Noticed xnavy's ghost (journeyman OpSh)
 11795 | D:10     | Noticed a deep elf pyromancer
 11883 | D:10     | Found a runed translucent door.
 12006 | D:10     | Noticed a fire giant
 12008 | D:10     | Found a runed translucent door.
 12332 | D:11     | Found a gateway to a bazaar.
 12344 | Bazaar   | Entered a bazaar
 12379 | Bazaar   | Found Ampagiv's Weapon Boutique.
 12410 | Bazaar   | Found Puaffat's Assorted Antiques.
 12426 | Bazaar   | Found Samax's Armour Shop.
 12439 | Bazaar   | Found Wauxiv's Book Boutique.
 12467 | Bazaar   | Bought a book of Unlife for 288 gold pieces
 12481 | Bazaar   | Bought the +3 Mad Mage's Maulers {Infuse+∞ VampMP -Cast}
                  | for 280 gold pieces
 12481 | Bazaar   | Found the +3 Mad Mage's Maulers {Infuse+∞ VampMP -Cast}
 12481 | Bazaar   | Bought a +2 pair of gloves for 115 gold pieces
 12576 | D:11     | Reached * piety under Vehumet
 12576 | D:11     | Offered knowledge of Magic Dart by Vehumet.
 13028 | D:11     | Noticed a cyan ugly thing
 13379 | D:11     | Reached skill level 10 in Spellcasting
 13527 | D:10     | Learned a level 4 spell: Flame Wave
 13759 | D:11     | Killed a cyan ugly thing
 14043 | D:12     | Noticed a two-headed ogre
 14080 | D:12     | Noticed a boulder beetle
 14091 | D:12     | a boulder beetle changed into an eye of devastation
 14099 | D:12     | HP: 2/77 [eye of devastation/bolt of devastation (17)]
 14253 | D:12     | Noticed Nessos
 14270 | D:12     | Killed Nessos
 14271 | D:12     | Reached skill level 10 in Fire Magic
 14408 | D:12     | Noticed Sonja
 14415 | D:12     | Killed Sonja
 14416 | D:12     | Gained mutation: You are mostly covered in sharp spines.
                  | [demonic ancestry]
 14416 | D:12     | Reached XP level 12. HP: 83/83 MP: 16/26
 14511 | D:12     | Offered knowledge of Shock by Vehumet.
 14521 | D:12     | Reached ** piety under Vehumet
 14525 | D:12     | Noticed a boulder beetle
 14553 | D:12     | Killed a boulder beetle
 14554 | D:12     | Reached skill level 1 in Earth Magic
 14577 | D:12     | Reached *** piety under Vehumet
 14668 | D:12     | Found a staircase to the Orcish Mines.
 14694 | D:12     | Noticed a two-headed ogre
 14701 | D:12     | Killed a two-headed ogre
 14767 | D:12     | Killed a two-headed ogre
 14768 | D:12     | Reached skill level 11 in Spellcasting
 14783 | D:12     | Offered knowledge of Dazzling Flash by Vehumet.
 14916 | D:12     | Noticed a boulder beetle
 14926 | D:12     | Killed a boulder beetle
 15034 | D:12     | Noticed Josephine
 15044 | D:12     | Killed Josephine
 15048 | D:12     | Offered knowledge of Airstrike by Vehumet.
 15049 | D:12     | Reached skill level 1 in Evocations
 15057 | D:12     | Reached skill level 5 in Fighting
 15810 | D:13     | Reached **** piety under Vehumet
 15816 | D:13     | Found a frozen archway.
 15841 | D:13     | Offered knowledge of Yara's Violent Unravelling by Vehumet.
 15935 | D:13     | Noticed a centaur warrior
 15945 | D:13     | Killed a centaur warrior
 16143 | D:13     | Found a shimmering blue altar of Sif Muna.
 16610 | D:14     | Noticed a boulder beetle
 16735 | D:13     | Learned a level 5 spell: Borgnjor's Vile Clutch
 16753 | D:14     | Killed a boulder beetle
 16754 | D:14     | Reached XP level 13. HP: 69/92 MP: 9/28
 17378 | D:13     | Reached ***** piety under Vehumet
 17491 | D:14     | Reached skill level 10 in Ranged Weapons
 17563 | D:14     | Found a gate to the Vaults.
 17610 | D:14     | Shot with an arrow by a centaur warrior

Illustrated notes

Levels and vault maps discovered:
D:1:      orjb1_lava_funnel, layout_basic, item_on_display_a
D:2:      layout_basic, uniq_jessica
D:3:      layout_loops_cross, mainiacjoe_overflow_concentric_impassable,
          tgw_trog, kennysheep_generic_room_5, uniq_grinder
D:4:      layout_loops_corners, mainiacjoe_overflow_alcove_1, uniq_blork_the_orc
D:5:      layout_rooms, serial_undead, serial_undead_f, serial_undead_d,
          serial_undead_f, serial_undead_c, kennysheep_path_1,
          minmay_large_rounded_square, hangedman_decor_riveting
D:6:      layout_basic, serial_shops, nicolae_shop_tiny_statue_garden
D:7:      layout_cave_pools, temple_pool_b, kennysheep_cluttered_room
D:8:      layout_gridville, kennysheep_little_box
D:9:      layout_roguey, dancing_weapons_uskayaw, elyvilon_altar_5,
          ebering_ghost_rock_garden, nicolae_have_a_lightning_rod, uniq_maurice
D:10:     layout_big_octagon, mainiacjoe_overflow_alcove_2,
          mainiacjoe_overflow_cross_hatched,
          nicolae_overflow_hallway_of_the_gods, muffindrake_ghost_dual_entry,
          minmay_unpleasant_kobolds
D:11:     layout_roguey, serial_shops, statue_bzr, hangedman_batty
D:12:     layout_roguey, zombieorc2_lemuel, fiery_altar_vehumet, uniq_nessos,
          uniq_josephine, uniq_sonja
D:13:     layout_gridville, portal_ice_cave_entry_imps, led_sif_pool
D:14:     layout_basic, erik_vaults_1, serial_curves, eino_curves_03,
          eino_curves_02, serial_shops, shop, nicolae_trove_entry_path_of_doom,
          uniq_rupert
Temple:   nicolae_temple_bog_church

Skill      XL: |  1  2  3  4  5  6  7  8  9 10 11 12 13 |
---------------+----------------------------------------+-----
Stealth        | 2 3 |  3.5
Fire Magic     | 3 4 5 6 7 8 9 10 | 10.4
Dodging        | 2 3 |  3.6
Spellcasting   | 3 4 5 6 8 9 10 11 | 11.7
Conjurations   | 2 3 5 6 7 |  7.5
Armour         | 2 3 4 |  4.4
Fighting       | 2 3 4 5 |  5.5
Ranged Weapons | 1 4 7 9 10 | 10.0
Earth Magic    | 2 3 |  3.1
Evocations     | 1 |  1.5
Polearms       | |  0.5

Action                     |  1- 3 |  4- 6 |  7- 9 | 10-12 | 13-15 || total
---------------------------+-------+-------+-------+-------+-------++-------
  Melee: Unarmed           |     4 |       |       |       |       ||     4
         Dagger            |       |    16 |       |       |       ||    16
         Spear             |       |       |    29 |       |       ||    29
         Sling             |       |       |       |     3 |       ||     3
   Fire: Sling             |       |       |    50 |   504 |    39 ||   593
   Cast: Foxfire           |    35 |    54 |   165 |    17 |       ||   271
         Scorch            |       |    20 |   104 |   157 |     1 ||   282
         Stone Arrow       |       |       |       |    81 |    26 ||   107
         Flame Wave        |       |       |       |     8 |     5 ||    13
  Evoke: Wand              |       |       |       |    13 |       ||    13
         Lightning rod     |       |       |       |     5 |       ||     5
    Use: Scroll            |       |       |     1 |    16 |     1 ||    18
         Potion            |       |       |       |     5 |     1 ||     6
   Stab: Sleeping          |       |       |     1 |       |       ||     1
 Armour: Robe              |     9 |     8 |       |       |       ||    17
         Leather armour    |       |       |    68 |    13 |       ||    81
         Steam dragon scal |       |       |       |   153 |       ||   153
         Troll leather arm |       |       |       |    50 |    46 ||    96
  Dodge: Dodged            |     7 |    13 |    32 |   133 |    19 ||   204

Table legend: (Time is in decaauts)
 A = Elapsed time spent in this place.
 B = Non-inter-level travel time spent in this place.
 C = Inter-level travel time spent in this place.
 D = Time resting spent in this place.
 E = Time spent auto-exploring this place.
 F = Levels seen in this place.
 G = Mean time per level.
                   A        B        C        D        E       F      G
               +--------+--------+--------+--------+--------+-----+--------+
         Total |  17492 |  16490 |   1002 |   2011 |  11738 |  16 | 1093.2 |
       Dungeon |  17203 |  16268 |    935 |   2011 |  11565 |  14 | 1228.8 |
        Temple |    127 |     61 |     66 |      0 |     60 |   1 |  127.0 |
        Bazaar |    161 |    161 |      0 |      0 |    113 |   1 |  161.0 |
               +--------+--------+--------+--------+--------+-----+--------+

Top non-repeatable levels by time:
    D:11: 1878 daAuts
     D:9: 1809 daAuts
    D:13: 1551 daAuts
     D:6: 1427 daAuts
    D:12: 1411 daAuts
     D:5: 1384 daAuts
     D:4: 1370 daAuts
     D:3: 1283 daAuts
     D:2: 1038 daAuts
     D:1: 997 daAuts
    D:10: 953 daAuts
     D:8: 912 daAuts
     D:7: 797 daAuts
    D:14: 389 daAuts
  Bazaar: 161 daAuts
